CAL
HIGH DESERT MAVERICKS @ INLAND EMPIRE 66ERS
04/29/2099
 
TOP OF THE 1ST
High Desert Mavericks batting - Pitching for Inland Empire 66ers : RHP David Lerma
Pitching: RHP David Lerma
Batting: RHB Colin Milligan 0-0: Ball
1-0: Ball
2-0: Called Strike
2-1: Foul Ball, location: 2F
2-2: Ball
3-2: Foul Ball, location: 5F
3-2: Foul Ball, location: 3SF
3-2: Base on Balls
Batting: RHB Seth Rulo 0-0: SINGLE (Line Drive, 89S, EV 108.1 MPH)
Colin Milligan to second
Colin Milligan to third
Batting: RHB Elliot Hohl 0-0: Fly out, F8 (Flyball, 8RM, EV 95.0 MPH)
Runner from 3rd tags up, SCORES, no throw by CF
Batting: RHB Werner Hutfloetz 0-0: DOUBLE (Line Drive, 7LS, EV 107.5 MPH)
Seth Rulo to third
Batting: SHB Pablo Cuevas 0-0: Called Strike
0-1: Ball
1-1: 3-RUN HOME RUN (Flyball, 7LD, EV 93.1 MPH), Distance : 358 ft
Batting: RHB Pat Hoover 0-0: Ball
1-0: Swinging Strike
1-1: Ball
2-1: Ball
3-1: Base on Balls
Batting: SHB Tim Roche 0-0: Ball
1-0: Ball
2-0: Called Strike
2-1: Ball
3-1: Swinging Strike
3-2: Foul Ball, location: 5F
3-2: Base on Balls
Pat Hoover to second
Batting: RHB Chris Delaney 0-0: Ball
1-0: Grounds into double play, 6-4-3 (Groundball, 6M, EV 108.1 MPH)
Top of the 1st over - 4 runs, 3 hits, 0 errors, 1 left on base; High Desert 4 - Inland Empire 0
BOTTOM OF THE 1ST
Inland Empire 66ers batting - Pitching for High Desert Mavericks : RHP Eric Perkins
Pitching: RHP Eric Perkins
Batting: RHB David Hardy 0-0: Ball
1-0: Reached on error, E5 (Groundball, 5L, EV 99.4 MPH)
Batting: SHB Guy Epperson 0-0: Ball
1-0: Called Strike
1-1: Called Strike
1-2: SINGLE (Groundball, 3D, EV 104.4 MPH)
David Hardy to second
Runner from 2nd tries for 3rd, SAFE, throw by RF made to third
Batting: LHB John Stevens 0-0: Called Strike
0-1: Ball
1-1: Ball
2-1: Foul Ball, location: 5SF
2-2: Foul Ball, location: 2F
2-2: Fly out, F9 (Flyball, 89D, EV 93.8 MPH)
Runner from 3rd tags up, OUT at HOME! 9-2
Guy Epperson to second
Batting: LHB Matt Cohen 0-0: Swinging Strike
0-1: Ground out U3 (Groundball, 34, EV 106.3 MPH)
Bottom of the 1st over - 0 runs, 1 hit, 1 error, 1 left on base; High Desert 4 - Inland Empire 0
TOP OF THE 2ND
High Desert Mavericks batting - Pitching for Inland Empire 66ers : RHP David Lerma
Batting: LHB Mitch Oakley 0-0: Called Strike
0-1: Foul Ball, location: 25F
0-2: Foul Ball, location: 7LDF
0-2: Ball
1-2: Ball
2-2: Fly out, F6 (Popup, 6MS, EV 67.5 MPH)
Batting: RHB Colin Milligan 0-0: Ball
1-0: Ball
2-0: Swinging Strike
2-1: Ball
3-1: Foul Ball, location: 2F
3-2: Base on Balls
Batting: RHB Seth Rulo 0-0: Foul Ball, location: 9LDF
0-1: Hit by Pitch
Colin Milligan to second
Batting: RHB Elliot Hohl 0-0: Ball
1-0: Swinging Strike
1-1: Ball
2-1: Foul Ball, location: 3FF
2-2: Fly out, F3 (Popup, 3, EV 65.0 MPH)
Batting: RHB Werner Hutfloetz 0-0: Ball
1-0: Foul Ball, location: 2LF
1-1: Foul Ball, location: 2F
1-2: Fly out, F8 (Flyball, 8LM, EV 98.1 MPH)
Top of the 2nd over - 0 runs, 0 hits, 0 errors, 2 left on base; High Desert 4 - Inland Empire 0
BOTTOM OF THE 2ND
Inland Empire 66ers batting - Pitching for High Desert Mavericks : RHP Eric Perkins
Batting: LHB Bill Friedman 0-0: Called Strike
0-1: Fly out, F9 (Flyball, 89M, EV 88.1 MPH)
Batting: LHB Kevin Zarndt 0-0: Called Strike
0-1: Called Strike
0-2: Ball
1-2: Fly out, F8 (Flyball, 89M, EV 93.8 MPH)
Batting: RHB Arturo Ramirez 0-0: Foul Ball, location: 5F
0-1: Ball
1-1: Swinging Strike
1-2: Ball
2-2: Fly out, F8 (Flyball, 89M, EV 83.1 MPH)
Bottom of the 2nd over - 0 runs, 0 hits, 0 errors, 0 left on base; High Desert 4 - Inland Empire 0
TOP OF THE 3RD
High Desert Mavericks batting - Pitching for Inland Empire 66ers : RHP David Lerma
Batting: SHB Pablo Cuevas 0-0: Called Strike
0-1: Foul Ball, location: 25F
0-2: Ball
1-2: DOUBLE (Line Drive, 89D, EV 106.9 MPH)
Batting: RHB Pat Hoover 0-0: Swinging Strike
0-1: Ball
1-1: Ball
2-1: Ball
3-1: Base on Balls
Batting: SHB Tim Roche 0-0: Ball
1-0: SINGLE (Groundball, 34D, EV 103.8 MPH)
Pablo Cuevas to third
Pat Hoover to second
Batting: RHB Chris Delaney 0-0: Fielders Choice at 2nd, 5-4 (Groundball, 5, EV 97.5 MPH)
Pablo Cuevas scores
Pat Hoover to third
Pitching: RHP Julio Saldana
Batting: LHB Mitch Oakley 0-0: SINGLE (Line Drive, 8RS, EV 91.9 MPH)
Pat Hoover scores
Chris Delaney to second
Runner from 2nd tries for 3rd, SAFE, no throw by CF
Batting: RHB Colin Milligan 0-0: Grounds into double play, 6-4-3 (Groundball, 6, EV 88.1 MPH)
Top of the 3rd over - 2 runs, 3 hits, 0 errors, 1 left on base; High Desert 6 - Inland Empire 0
BOTTOM OF THE 3RD
Inland Empire 66ers batting - Pitching for High Desert Mavericks : RHP Eric Perkins
Batting: LHB Jamel Adams 0-0: Ball
1-0: Ground out 6-3 (Groundball, 6MS, EV 89.4 MPH)
Batting: RHB Rodolfo Garcia 0-0: Ball
1-0: Ground out 5-3 (Groundball, 5L, EV 106.9 MPH)
Batting: RHB David Hardy 0-0: Ball
1-0: Ball
2-0: Ball
3-0: Called Strike
3-1: Foul Ball, location: 2F
3-2: SINGLE (Groundball, 56D, EV 103.1 MPH)
Batting: SHB Guy Epperson 0-0: Ball
1-0: Called Strike
1-1: Ground out 2-3 (Groundball, 15S, EV 66.9 MPH)
Bottom of the 3rd over - 0 runs, 1 hit, 0 errors, 1 left on base; High Desert 6 - Inland Empire 0
TOP OF THE 4TH
High Desert Mavericks batting - Pitching for Inland Empire 66ers : RHP Julio Saldana
Batting: RHB Seth Rulo 0-0: Ground out 6-3 (Groundball, P, EV 87.5 MPH)
Batting: RHB Elliot Hohl 0-0: Called Strike
0-1: Ball
1-1: Ball
2-1: Ball
3-1: SOLO HOME RUN (Flyball, 9D, EV 103.1 MPH), Distance : 391 ft
Batting: RHB Werner Hutfloetz 0-0: Foul Ball, location: 23FF
0-1: Ground out 5-3 (Groundball, 56, EV 81.3 MPH)
Batting: SHB Pablo Cuevas 0-0: Ball
1-0: Ball
2-0: Called Strike
2-1: SINGLE (Groundball, 4MD, EV 95.0 MPH)
Batting: RHB Pat Hoover 0-0: Ball
1-0: Ball
2-0: Ball
3-0: Called Strike
3-1: Swinging Strike
3-2: Base on Balls
Pablo Cuevas to second
Batting: SHB Tim Roche 0-0: Ball
1-0: Called Strike
1-1: Ball
2-1: SINGLE (Line Drive, 7S, EV 103.8 MPH)
Pablo Cuevas to third
Pat Hoover to second
Runner from 3rd tries for Home, SAFE, throw by LF to home
Batting: RHB Chris Delaney 0-0: Fly out, F9 (Flyball, 89M, EV 78.8 MPH)
Top of the 4th over - 2 runs, 3 hits, 0 errors, 2 left on base; High Desert 8 - Inland Empire 0
BOTTOM OF THE 4TH
Inland Empire 66ers batting - Pitching for High Desert Mavericks : RHP Eric Perkins
Batting: LHB John Stevens 0-0: Called Strike
0-1: Ball
1-1: SINGLE (Groundball, 13S, EV 73.1 MPH) (infield hit)
Batting: LHB Matt Cohen 0-0: Swinging Strike
0-1: Ball
1-1: Ball
2-1: Ball
3-1: Fly out, F6 (Popup, 56, EV 67.5 MPH)
Batting: LHB Bill Friedman 0-0: Called Strike
0-1: Ball
1-1: Ball
Wild Pitch!
John Stevens to second
2-1: Called Strike
2-2: Ball
3-2: Strikes out swinging
Batting: LHB Kevin Zarndt 0-0: Ball
1-0: Ball
2-0: Called Strike
2-1: Ground out 3-1 (Groundball, 34, EV 97.5 MPH)
Bottom of the 4th over - 0 runs, 1 hit, 0 errors, 1 left on base; High Desert 8 - Inland Empire 0
TOP OF THE 5TH
High Desert Mavericks batting - Pitching for Inland Empire 66ers : RHP Julio Saldana
Batting: LHB Mitch Oakley 0-0: Swinging Strike
0-1: Ground out U3 (Groundball, 34S, EV 64.4 MPH)
Batting: RHB Colin Milligan 0-0: Ball
1-0: Ball
2-0: Ball
3-0: Swinging Strike
3-1: Ground out 5-3 (Groundball, 56, EV 93.1 MPH)
Batting: RHB Seth Rulo 0-0: Called Strike
0-1: Called Strike
0-2: Strikes out swinging
Top of the 5th over - 0 runs, 0 hits, 0 errors, 0 left on base; High Desert 8 - Inland Empire 0
BOTTOM OF THE 5TH
Inland Empire 66ers batting - Pitching for High Desert Mavericks : RHP Eric Perkins
Batting: RHB Arturo Ramirez 0-0: Ball
1-0: Foul Ball, location: 2F
1-1: Ball
2-1: Called Strike
2-2: Fly out, F8 (Flyball, 8LD, EV 110.0 MPH)
Batting: LHB Jamel Adams 0-0: Ball
1-0: Foul Ball, location: 2F
1-1: Ball
2-1: Called Strike
2-2: Strikes out swinging
Batting: RHB Rodolfo Garcia 0-0: Called Strike
0-1: Ball
1-1: Ball
2-1: Foul Ball, location: 9LMF
2-2: Strikes out looking
Bottom of the 5th over - 0 runs, 0 hits, 0 errors, 0 left on base; High Desert 8 - Inland Empire 0
TOP OF THE 6TH
High Desert Mavericks batting - Pitching for Inland Empire 66ers : RHP Julio Saldana
Batting: RHB Elliot Hohl 0-0: Ball
1-0: Fly out, F4 (Line Drive, 4MD, EV 66.3 MPH)
Batting: RHB Werner Hutfloetz 0-0: Foul Ball, location: 2F
0-1: Ball
1-1: Ball
2-1: Ground out 4-3 (Groundball, 4, EV 101.3 MPH)
Batting: SHB Pablo Cuevas 0-0: Ball
1-0: Called Strike
1-1: Swinging Strike
1-2: Ground out 4-3 (Groundball, 4, EV 88.8 MPH)
Top of the 6th over - 0 runs, 0 hits, 0 errors, 0 left on base; High Desert 8 - Inland Empire 0
BOTTOM OF THE 6TH
Inland Empire 66ers batting - Pitching for High Desert Mavericks : RHP Eric Perkins
Batting: RHB David Hardy 0-0: SINGLE (Line Drive, 8LS, EV 98.1 MPH)
Batting: SHB Guy Epperson 0-0: Swinging Strike
0-1: Ball
1-1: Fly out, F7 (Flyball, 7LM, EV 91.9 MPH)
Batting: LHB John Stevens 0-0: Ball
1-0: Swinging Strike
1-1: Ball
2-1: Foul Ball, location: 5SF
2-2: Ball
3-2: Fielders Choice at 2nd, 3-6 (Groundball, 34S, EV 83.1 MPH)
Batting: LHB Matt Cohen 0-0: Fielders Choice at 2nd, 6-4 (Groundball, 56, EV 90.0 MPH)
Bottom of the 6th over - 0 runs, 1 hit, 0 errors, 1 left on base; High Desert 8 - Inland Empire 0
TOP OF THE 7TH
High Desert Mavericks batting - Pitching for Inland Empire 66ers : RHP Julio Saldana
Batting: RHB Pat Hoover 0-0: Foul Ball, location: 2LF
0-1: Ball
1-1: Ball
2-1: Ball
3-1: Foul Ball, location: 3FF
3-2: Fly out, F3 (Popup, 3DF, EV 61.3 MPH)
Batting: SHB Tim Roche 0-0: Foul Ball, location: 2F
0-1: Foul Ball, location: 9LSFF
0-2: Ball
1-2: Ball
2-2: Foul Ball, location: 5FF
2-2: Ground out 6-3 (Groundball, 6, EV 80.0 MPH)
Batting: RHB Chris Delaney 0-0: Ball
1-0: Foul Ball, location: 2F
1-1: SINGLE (Line Drive, 4MD, EV 96.3 MPH)
Batting: LHB Mitch Oakley 0-0: Called Strike
0-1: Called Strike
0-2: Ball
1-2: Foul Ball, location: 2F
1-2: Fly out, F8 (Line Drive, 8LD, EV 104.4 MPH)
Top of the 7th over - 0 runs, 1 hit, 0 errors, 1 left on base; High Desert 8 - Inland Empire 0
BOTTOM OF THE 7TH
Inland Empire 66ers batting - Pitching for High Desert Mavericks : RHP Eric Perkins
Batting: LHB Bill Friedman 0-0: Ground out 4-3 (Groundball, 34, EV 85.6 MPH)
Batting: LHB Kevin Zarndt 0-0: Called Strike
0-1: Foul Ball, location: 2F
0-2: Strikes out swinging
Batting: RHB Arturo Ramirez 0-0: Ball
1-0: Called Strike
1-1: Ball
2-1: SINGLE (Line Drive, 56D, EV 97.5 MPH)
Batting: LHB Jamel Adams 0-0: Called Strike
0-1: Ball
1-1: Ball
2-1: Swinging Strike
2-2: SINGLE (Groundball, 4MD, EV 103.1 MPH)
Arturo Ramirez to second
Runner from 2nd tries for 3rd, SAFE, no throw by CF
Batting: RHB Rodolfo Garcia 0-0: Ball
1-0: Ball
2-0: Called Strike
2-1: Foul Ball, location: 5DF
2-2: Ball
3-2: Strikes out swinging
Bottom of the 7th over - 0 runs, 2 hits, 0 errors, 2 left on base; High Desert 8 - Inland Empire 0
TOP OF THE 8TH
High Desert Mavericks batting - Pitching for Inland Empire 66ers : RHP Julio Saldana
Batting: RHB Colin Milligan 0-0: Called Strike
0-1: Foul Ball, location: 9LSF
0-2: SINGLE (Groundball, 6MD, EV 103.1 MPH)
Pitching: RHP Mario Jan
Batting: RHB Seth Rulo 0-0: Ball
1-0: Fly out, F2 (Popup, 2RF, EV 93.1 MPH)
Batting: RHB Elliot Hohl 0-0: Swinging Strike
0-1: Ball
1-1: Swinging Strike
1-2: Foul Ball, location: 3F
1-2: Ball
2-2: Strikes out swinging
Batting: RHB Werner Hutfloetz 0-0: Ball
1-0: Ball
2-0: Fielders Choice at 2nd, 6-4 (Groundball, 6, EV 91.3 MPH)
Top of the 8th over - 0 runs, 1 hit, 0 errors, 1 left on base; High Desert 8 - Inland Empire 0
BOTTOM OF THE 8TH
Inland Empire 66ers batting - Pitching for High Desert Mavericks : RHP Eric Perkins
Pitching: RHP John James
Batting: RHB David Hardy 0-0: Foul Ball, location: 2F
0-1: Swinging Strike
0-2: Strikes out swinging
Batting: SHB Guy Epperson 0-0: Foul Ball, location: 2F
0-1: Ball
1-1: Foul Ball, location: 7LDF
1-2: Ball
2-2: SINGLE (Groundball, 4MD, EV 99.4 MPH)
Batting: LHB John Stevens 0-0: Called Strike
0-1: Ball
1-1: Foul Ball, location: 2RF
1-2: Ball
2-2: Fielders Choice at 2nd, 4-6 (Groundball, 34, EV 101.9 MPH)
Batting: LHB Matt Cohen 0-0: Ball
Wild Pitch!
John Stevens to second
1-0: Called Strike
1-1: Swinging Strike
1-2: Strikes out swinging
Bottom of the 8th over - 0 runs, 1 hit, 0 errors, 1 left on base; High Desert 8 - Inland Empire 0
TOP OF THE 9TH
High Desert Mavericks batting - Pitching for Inland Empire 66ers : RHP Mario Jan
Batting: SHB Pablo Cuevas 0-0: Ball
1-0: Ball
2-0: Called Strike
2-1: Foul Ball, location: 2F
2-2: Ball
3-2: DOUBLE (Groundball, 5L, EV 107.5 MPH)
Batting: RHB Pat Hoover 0-0: Fly out, F9 (Flyball, 89S, EV 93.8 MPH)
Batting: SHB Tim Roche 0-0: Called Strike
0-1: Ball
Wild Pitch!
Pablo Cuevas to third
1-1: Swinging Strike
1-2: Ball
2-2: Ball
3-2: Base on Balls
Batting: RHB Chris Delaney 0-0: Swinging Strike
0-1: Ball
1-1: Foul Ball, location: 2F
1-2: Ball
2-2: Foul Ball, location: 9LMF
2-2: Ball
3-2: Foul Ball, location: 9LDF
3-2: Hit by Pitch
Tim Roche to second
Batting: LHB Mitch Oakley 0-0: Foul Ball, location: 2F
0-1: Called Strike
0-2: Ball
1-2: Ball
2-2: Ball
3-2: Foul Ball, location: 5F
3-2: Base on Balls
Pablo Cuevas scores
Tim Roche to third
Chris Delaney to second
Batting: RHB Colin Milligan 0-0: Ball
1-0: Foul Ball, location: 9LSF
1-1: Ball
2-1: Called Strike
2-2: Foul Ball, location: 5F
2-2: Foul Ball, location: 3FF
2-2: Ball
3-2: Fly out, F7 (Flyball, 78M, EV 93.8 MPH)
Runner from 3rd tags up, SCORES, throw by LF
Batting: RHB Seth Rulo 0-0: Foul Ball, location: 2F
0-1: Swinging Strike
0-2: Ball
1-2: Foul Ball, location: 9LMF
1-2: Ground out 1-3 (Groundball, P, EV 75.0 MPH)
Top of the 9th over - 2 runs, 1 hit, 0 errors, 2 left on base; High Desert 10 - Inland Empire 0
BOTTOM OF THE 9TH
Inland Empire 66ers batting - Pitching for High Desert Mavericks : RHP John James
Batting: LHB Bill Friedman 0-0: Foul Ball, location: 2F
0-1: Called Strike
0-2: Ball
1-2: Strikes out swinging
Batting: LHB Kevin Zarndt 0-0: Ball
1-0: Swinging Strike
1-1: Ball
2-1: Foul Ball, location: 2LF
2-2: Strikes out swinging
Pinch Hitting: LHB Josh Walker 0-0: Ball
1-0: Ball
2-0: Called Strike
2-1: Called Strike
2-2: SINGLE (Groundball, 56, EV 108.1 MPH)
Batting: LHB Jamel Adams 0-0: Ball
1-0: Fielders Choice at 2nd, 6-4 (Groundball, 6, EV 90.0 MPH)
Bottom of the 9th over - 0 runs, 1 hit, 0 errors, 1 left on base; High Desert 10 - Inland Empire 0
Saturday, May 4th , 2024 - OOTP Baseball 24.11 Build 85